 Dungeon Crawl Stone Soup version 0.23.0-3-gf3c87f2 (webtiles) character file.

Game seed: 14953200614277376049

220 zishaf the Chucker (level 5, -5/52 HPs)
             Began as a Troll Hunter on Feb 22, 2019.
             Slain by a gnoll
             ... wielding a +2 vampiric halberd
              (18 damage)
             ... on level 4 of the Dungeon.
             The game lasted 00:04:40 (2395 turns).

zishaf the Chucker (Troll Hunter)                   Turns: 2395, Time: 00:04:40

Health: -5/52      AC:  6    Str: 20    XL:     5   Next: 64%
Magic:  4/4        EV: 10    Int:  7    God:
Gold:   216        SH:  3    Dex: 11    Spells: 4/4 levels left

rFire    . . .     SeeInvis .   B - +0 giant club
rCold    . . .     Gourm    +   (shield currently unavailable)
rNeg     + . .     Faith    .   b - +0 robe
rPois    .         Spirit   .   (helmet restricted)
rElec    .         Reflect  +   (no cloak)
rCorr    .         Harm     .   (gloves unavailable)
MR       .....     Rnd*Tele +   (boots unavailable)
Stlth    +.........             k - +3 amulet of reflection
HPRegen  0.57/turn              v - ring of teleportation (curse)
MPRegen  0.09/turn              x - ring of positive energy

@: no status effects
A: large, unfitting armour, claws 3, fast metabolism 3, gourmand, regeneration
1, shaggy fur 1, tough skin 3
a: no special abilities


You were on level 4 of the Dungeon.
You were full.

You visited 1 branch of the dungeon, and saw 4 of its levels.

You collected 216 gold pieces.

Inventory:

Hand Weapons
 y - a +0 flail
 B - a +0 giant club (weapon)
Missiles
 c - 5 large rocks (quivered)
 d - 2 throwing nets
 e - 37 sling bullets
 o - 18 poisoned needles
 r - 138 stones
Armour
 b - a +0 robe (worn)
Jewellery
 k - a +3 amulet of reflection (around neck)
 s - an uncursed amulet of guardian spirit
 v - a cursed ring of teleportation (left claw)
 x - a ring of positive energy (right claw)
Scrolls
 a - a scroll of amnesia {unknown}
 g - a scroll of remove curse {unknown}
 h - a scroll of enchant weapon {unknown}
 i - a scroll of fog {unknown}
 j - a scroll of noise {unknown}
 n - 3 scrolls of teleportation {unknown}
 u - 2 scrolls of identify {unknown}
 w - a scroll of blinking {unknown}
Potions
 l - a potion of brilliance {unknown}
 m - a potion of mutation {unknown}
 p - a potion of haste {unknown}
 t - 2 potions of heal wounds {unknown}
 z - a potion of curing {unknown}
Comestibles
 f - 5 rations
 A - 3 chunks of flesh


   Skills:
 + Level 2.9 Fighting
 + Level 1.0 Maces & Flails
 - Level 4.0 Throwing
 + Level 2.1 Armour
 + Level 2.8 Dodging
 - Level 0.4 Stealth


You had 4 spell levels left.
You didn't know any spells.
Your spell library was empty.

Dungeon Overview and Level Annotations

Branches:
Dungeon (4/15)
 Temple: D:4-7

Altars:
Elyvilon
Hepliaklqana
Kikubaaqudgha
Nemelex Xobeh
Sif Muna


Innate Abilities, Weirdness & Mutations

You are too large for most types of armour.
You have claws for hands.
Your metabolism is lightning-fast.
You like to eat raw meat.
Your natural rate of healing is unusually fast.
You are covered in fur. (AC +1)
You have extremely tough skin. (AC +3)


Message History

The gnoll hits you but does no damage. The gnoll barely misses you.
There is a stone staircase leading up here.
You closely miss the gnoll. The gnoll barely misses you. x3
You closely miss the gnoll. The gnoll closely misses you.
You block the gnoll's attack. The gnoll hits you but does no damage.
You bludgeon the gnoll!!
You kill the gnoll!
The gnoll closely misses you. The gnoll barely misses you.
The gnoll hits you with a +0 flail! You block the gnoll's attack.
You closely miss the gnoll.
The gnoll hits you from afar with a +2 vampiric halberd!
The gnoll hits you with a +0 flail! The gnoll barely misses you.
You are too injured to fight recklessly!
You sock the gnoll!
The gnoll is almost dead.
The gnoll hits you from afar with a +2 vampiric halberd.
The gnoll hits you but does no damage. The gnoll hits you with a +0 flail!
* * * LOW HITPOINT WARNING * * *
The gnoll hits you from afar with a +2 vampiric halberd!!
You die...

######## #......#
##......##
#........#
#........#
#........##
#.......รท.#
##.......g.# g
#......@g..#####..g.
####..).g...!...g...
#########.......#
#####.### #


You could see 3 gnolls.

Vanquished Creatures
  An ogre (D:4)
  A gnoll (D:4)
  4 adders
  An ooze (D:3)
  3 worms (D:2)
  A dart slug (D:3)
  2 leopard geckos
  2 giant cockroaches (D:2)
  11 goblins
  13 hobgoblins
  10 jackals
  7 kobolds
  A quokka (D:2)
  2 ball pythons
  3 bats (D:2)
  6 frilled lizards
  6 rats
74 creatures vanquished.

Notes
Turn   | Place    | Note
-------+----------+-------------------------------------------
     0 | D:1      | zishaf the Troll Hunter began the quest for the Orb.
     0 | D:1      | Reached XP level 1. HP: 19/19 MP: 0/0
   102 | D:1      | Reached XP level 2. HP: 9/28 MP: 1/1
   507 | D:2      | Reached XP level 3. HP: 35/35 MP: 2/2
   568 | D:2      | Reached skill level 1 in Armour
   840 | D:2      | Reached skill level 4 in Throwing
  1024 | D:2      | Reached XP level 4. HP: 42/42 MP: 3/3
  1199 | D:2      | Found a sparkling altar of Nemelex Xobeh.
  1201 | D:2      | Found a hazy altar of Hepliaklqana.
  1202 | D:2      | Found a white marble altar of Elyvilon.
  1203 | D:2      | Found a deep blue altar of Sif Muna.
  1206 | D:2      | Found an ancient bone altar of Kikubaaqudgha.
  2355 | D:4      | Noticed an ogre
  2365 | D:4      | Killed an ogre
  2365 | D:4      | Reached skill level 1 in Maces & Flails
  2365 | D:4      | Reached XP level 5. HP: 35/52 MP: 4/4
  2395 | D:4      | Slain by a gnoll

Skill      XL: |  1  2  3  4 |
---------------+-------------+-----
Dodging        | 2 |  2.8
Fighting       | 2 |  2.9
Armour         | 1 2 |  2.1
Throwing       | 4 |  4.0
Maces & Flails | 1 |  1.0
Stealth        | |  0.4

Action                   |  1- 3 |  4- 6 || total
-------------------------+-------+-------++-------
Melee: Unarmed           |   107 |   127 ||   234
       Short sword       |     5 |       ||     5
       Giant club        |       |     5 ||     5
Throw: Large rock        |     1 |       ||     1
 Stab: Sleeping          |     3 |       ||     3
  Eat: Chunk             |    15 |    10 ||    25
Armor: Robe              |    30 |    53 ||    83
Dodge: Dodged            |    43 |    57 ||   100
Block: Other             |     5 |    19 ||    24
       Shield            |       |     3 ||     3
       Reflection        |       |     1 ||     1
